 Dungeon Crawl Stone Soup version 0.26-a0-660-gc07710193c (webtiles) character file.

Game seed: 11530735398589403011

8713 marklar909 the Spear-Bearer (level 11, -25/83 HPs)
             Began as a Formicid Earth Elementalist on Oct 6, 2020.
             Was an Initiate of Gozag.
             Annihilated by Urug
             ... wielding a +3 demon trident
              (31 damage)
             ... on level 11 of the Dungeon.
             The game lasted 00:31:52 (16023 turns).

marklar909 the Spear-Bearer (FoEE)                 Turns: 16023, Time: 00:31:53

Health: -25/83     AC: 12    Str: 15    XL:     11   Next: 60%
Magic:  10/19      EV: 16    Int: 15    God:    Gozag
Gold:   1841       SH:  0    Dex: 12    Spells: 8/21 levels left

rFire    + . .     SeeInvis +   b - +5 halberd
rCold    + . .     Faith    .   (no shield)
rNeg     . . .     Spirit   .   r - +1 ring mail
rPois    .         Reflect  .   (helmet unavailable)
rElec    .         Harm     .   k - scarf {rC+ rF+}
rCorr    .         Rampage  .   t - +0 pair of gloves
MR       +....                  v - +2 pair of boots
Stlth    ++........             (no amulet)
HPRegen  0.23/turn              s - +4 ring of slaying
MPRegen  0.16/turn              n - +4 ring of evasion

@: gold aura
A: permanent stasis, dig shafts and tunnels, four strong arms, antennae 3
a: Dig, Shaft Self, Potion Petition, Call Merchant, Bribe Branch, Renounce
Religion


You were on level 11 of the Dungeon.
You worshipped Gozag.
Gozag was most pleased with you.
You visited 2 branches of the dungeon, and saw 12 of its levels.

You collected 1896 gold pieces.
You paid 55 gold pieces to Gozag.

Inventory:

Hand Weapons
 a - a +5 vorpal arbalest
 b - a +5 halberd (weapon)
Missiles
 l - 95 bolts
 E - 181 stones (quivered)
Armour
 i - the +0 robe of Ceoteg {rCorr Stlth+}
   (You found it on level 5 of the Dungeon)

   It provides partial protection from all sources of acid and corrosion.
   It makes you more stealthy.
 k - a scarf of resistance (worn)
 r - a +1 ring mail (worn)
 t - a +0 pair of gloves (worn)
 v - a +2 pair of boots (worn)
Jewellery
 g - the ring of the Falcon {rF+ MP+9}
   (You found it on level 5 of the Dungeon)

   [ring of magical power]

   It protects you from fire.
   It affects your magic capacity (+9).
 n - a +4 ring of evasion (right hand)
 s - a +4 ring of slaying (left hand)
 A - an uncursed ring of fire {unknown}
Wands
 o - a wand of flame (10)
 p - a wand of acid (9)
 C - a wand of enslavement (7)
Scrolls
 c - 3 scrolls of magic mapping
 d - 4 scrolls of remove curse
 q - 2 scrolls of fog
 u - 3 scrolls of amnesia
 y - 4 scrolls of identify
Potions
 e - a potion of cancellation
 f - a potion of flight
 h - a potion of brilliance
 j - 5 potions of curing
 m - a potion of ambrosia {unknown}
 w - a potion of heal wounds
 x - 2 potions of mutation {unknown}
 z - 5 potions of might {unknown}
 D - a potion of stabbing {unknown}


   Skills:
 * Level 6.9 Fighting
 * Level 10.1 Polearms
 * Level 4.0 Crossbows
 * Level 6.4 Armour
 + Level 4.2 Dodging
 + Level 4.8 Stealth
 + Level 5.7 Spellcasting
 + Level 3.3 Conjurations
 + Level 1.1 Transmutations
 + Level 7.6 Earth Magic
 + Level 0.9 Evocations


You had 8 spell levels left.
You knew the following spells:

 Your Spells              Type           Power        Failure   Level
a - Sandblast             Erth           ####..       1%          1
b - Stone Arrow           Conj/Erth      ###...       9%          3
c - Petrify               Tmut/Erth      ###.....     41%         4
d - Lee's Rapid Deconstr  Erth           ####......   32%         5

Your spell library contained the following spells:

 Spells                   Type           Power        Failure   Level
 Passwall                 Tmut/Erth      ###.....     7%          2
 Summon Small Mammal      Summ           #...         26%         1
 Call Imp                 Summ           #.......     38%         2
 Call Canine Familiar     Summ           #.......     63%         3
 Confusing Touch          Hex            #.......     63%         3
 Gell's Gravitas          Tloc           #.........   63%         3
 Summon Guardian Golem    Hex/Summ       #.......     63%         3
 Summon Ice Beast         Ice/Summ       #.......     95%         4
 Summon Lightning Spire   Summ/Air       #.......     95%         4
 Yara's Violent Unravell  Hex/Tmut       #.........   99%         5
 Metabolic Englaciation   Hex/Ice        #.........   100%        5


Dungeon Overview and Level Annotations

Branches:
Dungeon (11/15)            Temple (1/1) D:5            Lair (0/6) D:8
    Orc (0/2) D:9

Altars:
Ashenzari
Cheibriados
Dithmenos
Elyvilon
Fedhas
Gozag
Hepliaklqana
Kikubaaqudgha
Makhleb
Nemelex Xobeh
Okawaru
Qazlal
Ru
Sif Muna
Trog
Uskayaw
Vehumet
Wu Jian
Xom
Yredelemnul
Zin
The Shining One

Annotations:
D:3 1 runed translucent door, bande's ghost, amateur GrFi
D:11 Urug


Innate Abilities, Weirdness & Mutations

You cannot be hasted, slowed, berserked, paralysed or teleported.
You can dig through walls and to a lower floor.
Your four strong arms can wield two-handed weapons with a shield.
You have a pair of large antennae on your head. (SInv)


Message History

Unknown command.
You feel much better. Urug hits you with a +3 demon trident!!
* * * LOW HITPOINT WARNING * * *
Urug hits you with a +3 demon trident!
* * * LOW HITPOINT WARNING * * *
Okay, then.
Evoke which item? (* to show all) (? for menu, Esc to quit)
Aiming: Enslavement
Press: ? - help, Shift-Dir - straight line, f/p - Urug
Aim: Urug, wielding a +3 demon trident, wearing a +0 scale mail and quivering 7 javelins (lightly wounded, berserk, chance to defeat MR: 31%)
Okay, then.
Evoke which item? (* to show all) (? for menu, Esc to quit)
Aiming: Corrosive Bolt
Press: ? - help, Shift-Dir - straight line, f/p - Urug
Aim: Urug, wielding a +3 demon trident, wearing a +0 scale mail and quivering 7 javelins (lightly wounded, berserk)
The bolt of acid hits Urug.
Urug is splashed with acid.
Urug is moderately wounded.
Urug hits you with a +3 demon trident!!
You die...
Your body crumbles into a pile of gold.

......#...........B..##..........
......#..............##..........
......#..............##'####.....
......#..............#.....#...[)
......##### #.#######..##.#.....
##...)....####.'........##.#.....
#...))...#....#...........#.....
#.###....#....#.o.........#.....
#........#....#@$.........#.....
##........#...##......######.....
.....######...+.......# #.....
..#..#>.......#..#....# ......
..#..#........#..#....# .......
..#..#........#..#....#
.....#........+..#....#
######........#..#....#
#...#######...#.......# {


You could see Urug (berserk).

Vanquished Creatures
  Erica (D:10)
  An unseen horror (D:10)
  Pikel (D:4)
  2 trolls
  Grinder (D:6)
  Sigmund (D:5)
  A wyvern (D:8)
  7 yaks (D:9)
  Menkaure (D:7)
  Edmund (D:5)
  3 sky beasts
  4 orc warriors
  2 black bears (D:10)
  3 ice beasts
  A necrophage (D:6)
  6 ogres
  A phantom (D:4)
  9 centaurs
  3 bullfrogs
  2 scorpions
  6 killer bees (D:7)
  9 wights
  4 howler monkeys
  A bullfrog zombie (D:11)
  A quasit (D:8)
  A centaur zombie (D:6)
  6 orc priests
  2 hounds
  2 jellies
  11 orc wizards
  A bullfrog skeleton (D:11)
  3 iguanas
  7 worker ants
  A worker ant zombie (D:10)
  A howler monkey zombie (D:3)
  4 gnolls
  9 adders
  A shadow imp (D:8)
  4 white imps
  An ufetubus (D:7)
  An ooze (D:2)
  An adder zombie (D:6)
  2 worms
  2 dart slugs
  6 leopard geckos
  45 orcs
  A ball python (D:5)
  7 bats
  3 giant cockroaches
  8 goblins
  8 hobgoblins
  19 jackals
  10 kobolds
  8 quokkas
  5 frilled lizards
  12 rats
  A butterfly (D:5)
265 creatures vanquished.

Vanquished Creatures (others)
  2 plants (D:5)
2 creatures vanquished.

Grand Total: 267 creatures vanquished

Notes
Turn   | Place    | Note
-------+----------+-------------------------------------------
     0 | D:1      | marklar909 the Formicid Earth Elementalist began the quest
                  | for the Orb.
     0 | D:1      | Reached XP level 1. HP: 13/13 MP: 3/3
   324 | D:1      | Reached XP level 2. HP: 19/19 MP: 1/5
   510 | D:1      | Reached XP level 3. HP: 24/24 MP: 3/6
  1017 | D:2      | Found a stormy altar of Qazlal.
  1238 | D:2      | Reached XP level 4. HP: 27/30 MP: 6/8
  1356 | D:2      | You fall into a shaft and drop 2 floors!
  1715 | D:3      | Found a runed translucent door.
  1715 | D:3      | Noticed bande's ghost (amateur GrFi)
  2113 | D:2      | Found a sparkling altar of Nemelex Xobeh.
  2385 | D:2      | Reached XP level 5. HP: 35/35 MP: 6/9
  2693 | D:3      | Reached skill level 5 in Earth Magic
  3063 | D:3      | Reached skill level 1 in Polearms
  3280 | D:3      | You fall into a shaft and drop 1 floor!
  3672 | D:3      | Reached skill level 1 in Fighting
  3672 | D:3      | Reached skill level 1 in Armour
  4054 | D:4      | Reached XP level 6. HP: 29/43 MP: 8/10
  4194 | D:4      | Reached skill level 2 in Polearms
  4422 | D:4      | Noticed a phantom
  4430 | D:4      | Killed a phantom
  4740 | D:4      | Noticed Pikel
  5175 | D:4      | Killed Pikel
  5175 | D:4      | Reached skill level 3 in Polearms
  5175 | D:4      | Reached XP level 7. HP: 38/51 MP: 3/13
  5175 | D:4      | Reached XP level 8. HP: 42/57 MP: 3/14
  5257 | D:4      | Learned a level 3 spell: Stone Arrow
  5262 | D:4      | Learned a level 4 spell: Petrify
  5268 | D:4      | Learned a level 5 spell: Lee's Rapid Deconstruction
  5724 | D:4      | Found an iron altar of Okawaru.
  5921 | D:5      | Entered Level 5 of the Dungeon
  6118 | D:5      | Got a steaming amber ring
  6121 | D:5      | Identified the ring of the Falcon {rF+ MP+9} (You found it
                  | on level 5 of the Dungeon)
  6180 | D:5      | Found a staircase to the Ecumenical Temple.
  6186 | D:5      | Got an ominously black robe
  6197 | Temple   | Entered the Ecumenical Temple
  6411 | Temple   | Became a worshipper of Gozag Ym Sagoz the Greedy
  6476 | D:5      | Reached skill level 4 in Polearms
  6867 | D:5      | Reached skill level 1 in Conjurations
  7008 | D:5      | Reached skill level 5 in Polearms
  7008 | D:5      | Reached XP level 9. HP: 59/64 MP: 15/15
  7159 | D:5      | Noticed Sigmund
  7162 | D:5      | Killed Sigmund
  7164 | D:5      | Noticed Edmund
  7172 | D:5      | Killed Edmund
  7512 | D:6      | Identified the +0 robe of Ceoteg {rCorr Stlth+} (You found
                  | it on level 5 of the Dungeon)
  7642 | D:6      | Noticed Grinder
  7652 | D:6      | Killed Grinder
  7652 | D:6      | Reached skill level 6 in Polearms
  7860 | D:5      | HP: 2/65 [orc warrior/+0 short sword (7)]
  9052 | D:6      | Found a glowing silver altar of Zin.
  9770 | D:7      | Reached XP level 10. HP: 64/73 MP: 17/17
  9923 | D:7      | Noticed Menkaure
 10043 | D:7      | Reached skill level 7 in Polearms
 10372 | D:7      | Killed Menkaure
 10372 | D:7      | Reached skill level 5 in Armour
 10788 | D:7      | Reached skill level 5 in Fighting
 11208 | D:8      | Reached skill level 5 in Spellcasting
 11428 | D:8      | Found a staircase to the Lair.
 11851 | D:8      | Found a glowing golden altar of the Shining One.
 12250 | D:9      | Reached skill level 8 in Polearms
 12289 | D:9      | Found a staircase to the Orcish Mines.
 12946 | D:9      | Reached skill level 1 in Crossbows
 13330 | D:9      | Reached skill level 9 in Polearms
 13650 | D:9      | Reached XP level 11. HP: 74/81 MP: 18/18
 13798 | D:10     | Entered Level 10 of the Dungeon
 13919 | D:10     | Noticed Erica
 13936 | D:10     | Killed Erica
 14502 | D:9      | Identified a scroll of acquirement
 14502 | D:9      | Acquired a +5 vorpal arbalest
 14887 | D:10     | Noticed an unseen horror
 14900 | D:10     | Killed an unseen horror
 14900 | D:10     | Reached skill level 10 in Polearms
 15739 | D:11     | Found a shimmering altar of Xom.
 15986 | D:11     | Noticed Urug
 16023 | D:11     | Annihilated by Urug

Illustrated notes

Levels and vault maps discovered:
D:1:      minmay_arrival_widening_spiral_wide, layout_loops_corners
D:2:      layout_loops_ring, nicolae_qazlal_general_emergency,
          nemelex_diamond_rough_becter
D:3:      layout_basic, hellmonk_ghost_happy_afterlife
D:4:      layout_basic, marbit_many_paths, uniq_pikel
D:5:      layout_basic, minmay_temple_entry_butterflies, minmay_strange_pillars,
          minmay_misc_feat_encased, minmay_misc_feat_enclosed,
          sigmund_edmund_badplayer
D:6:      layout_rooms, zin_statuary, uniq_grinder
D:7:      layout_basic, uniq_menkaure
D:8:      layout_basic, tso_metal_star, lair_entry_dummy
D:9:      layout_roguey, orc_0_dummy
D:10:     layout_loops_ring, uniq_erica
D:11:     layout_stronghold, grunt_livestock, lemuel_oklob_altar, uniq_urug
Temple:   regret_index_temple_mists

Skill      XL: |  1  2  3  4  5  6  7  8  9 10 11 |
---------------+----------------------------------+-----
Earth Magic    | 4 5 6 7 |  7.6
Dodging        | 2 3 4 |  4.2
Stealth        | 3 4 |  4.8
Spellcasting   | 3 4 5 |  5.7
Polearms       | 1 3 5 6 9 10 | 10.1
Fighting       | 1 2 3 4 5 6 |  6.9
Armour         | 1 3 4 5 6 |  6.4
Conjurations   | 1 2 3 |  3.3
Crossbows      | 1 4 |  4.0
Transmutations | |  1.1
Evocations     | |  0.9

Action                   |  1- 3 |  4- 6 |  7- 9 | 10-12 || total
-------------------------+-------+-------+-------+-------++-------
Melee: Spear             |    23 |    49 |       |       ||    72
       Trident           |       |    42 |       |       ||    42
       Glaive            |       |    47 |   165 |   218 ||   430
       Halberd           |       |     2 |       |    76 ||    78
 Fire: Arbalest          |       |       |       |    25 ||    25
 Cast: Sandblast         |    31 |    67 |    54 |    26 ||   178
       Stone Arrow       |       |       |     4 |    14 ||    18
       Petrify           |       |       |       |     3 ||     3
Evoke: Wand              |       |     1 |    10 |     4 ||    15
  Use: Scroll            |     1 |     3 |    13 |     5 ||    22
       Potion            |       |     1 |       |     2 ||     3
 Stab: Sleeping          |     4 |     7 |     6 |     4 ||    21
       Distracted        |       |       |       |     2 ||     2
       Petrified         |       |       |       |     4 ||     4
Armor: Robe              |     3 |       |       |       ||     3
       Leather armour    |       |    33 |       |       ||    33
       Ring mail         |       |       |    28 |   106 ||   134
Dodge: Dodged            |    13 |    95 |   147 |   294 ||   549

Table legend: (Time is in decaauts)
 A = Elapsed time spent in this place.
 B = Non-inter-level travel time spent in this place.
 C = Inter-level travel time spent in this place.
 D = Time resting spent in this place.
 E = Time spent auto-exploring this place.
 F = Levels seen in this place.
 G = Mean time per level.
                   A        B        C        D        E       F      G
               +--------+--------+--------+--------+--------+-----+--------+
         Total |  16302 |  15101 |   1201 |   3204 |   8994 |  12 | 1358.5 |
       Dungeon |  15996 |  14933 |   1063 |   3204 |   8843 |  11 | 1454.2 |
        Temple |    305 |    168 |    137 |      0 |    151 |   1 |  305.0 |
               +--------+--------+--------+--------+--------+-----+--------+

Top non-repeatable levels by time:
     D:4: 2370 daAuts
     D:7: 1970 daAuts
     D:5: 1970 daAuts
     D:3: 1655 daAuts
    D:10: 1558 daAuts
     D:9: 1463 daAuts
     D:2: 1336 daAuts
     D:1: 1015 daAuts
     D:8: 1011 daAuts
     D:6: 979 daAuts
    D:11: 664 daAuts
  Temple: 305 daAuts
